 Dungeon Crawl Stone Soup version 0.29.0-4-gdea44cf6ec (webtiles) character file.

Game seed: 8568667926916405240

2381 qw the Cleaver (level 9, -2/43 (54) HPs)
             Began as a Tengu Warper on Aug 28, 2022.
             Was a Follower of Okawaru.
             Slain by Duvessa
             ... wielding a +2 short sword of draining
              (9 damage)
             ... on level 7 of the Dungeon.
             The game lasted 00:00:51 (6532 turns).

qw the Cleaver (Tengu Warper)                       Turns: 6532, Time: 00:00:52

HP:   -2/43 (54)    AC: 10    Str: 17    XL:     9   Next: 45%
MP:   12/13         EV: 12    Int: 13    God:    Okawaru [*.....]
Gold: 355           SH:  0    Dex: 13    Spells: 12/12 levels left

rFire   . . .      SeeInvis .   s - +0 war axe
rCold   + . .      Faith    .   (no shield)
rNeg    . . .      Spirit   .   k - +0 chain mail
rPois   +          Reflect  .   (helmet restricted)
rElec   +          Harm     .   (no cloak)
rCorr   .          Rampage  .   (no gloves)
Will    .....                   (boots unavailable)
Stlth   ..........              n - amulet of Maeniuq {rElec Regen+}
HPRegen 0.94/turn               f - ring of protection from cold
MPRegen 0.13/turn               d - ring of poison resistance

@: heroic, flying quickly and evasively, heavily drained, quick
A: beak, talons 3, nimble flight
a: Renounce Religion, Heroism


You were on level 7 of the Dungeon.
You worshipped Okawaru.
Okawaru was aware of your devotion.
You visited 2 branches of the dungeon, and saw 8 of its levels.

You collected 487 gold pieces.
You spent 132 gold pieces at shops.


Innate Abilities, Weirdness & Mutations

You have a beak for a mouth.
You have claws for feet.
Your magical nature lets you fly swiftly and evasively.


   Skills:
 - Level 5.0(10.0) Fighting
 + Level 10.8(15.8) Axes
 - Level 1.0(6.0) Throwing
 - Level 3.0(8.0) Armour
 - Level 3.6(8.6) Dodging
 - Level 2.0 Spellcasting
 - Level 2.4 Translocations
 - Level 4.1 Invocations


You had 12 spell levels left.
You didn't know any spells.
Your spell library contained the following spells:

 Spells                   Type           Power      Damage    Failure   Level
 Blink                    Tloc           14%        N/A       85%         2
 Gell's Gravitas          Tloc           7%         N/A       97%         3
 Lesser Beckoning         Tloc           7%         N/A       97%         3
 Teleport Other           Tloc           7%         N/A       97%         3
 Manifold Assault         Tloc           7%         N/A       100%        5

Inventory:

Hand Weapons
 j - a +0 whip
 s - a +0 war axe (weapon)
Missiles
 g - 2 boomerangs (quivered)
Armour
 h - the +1 leather armour of Twilight {rF+ rN+ Str+7 Int-2}
   (You found it on level 2 of the Dungeon)

   Str:       It affects your strength (+7).
   Int:       It affects your intelligence (-2).
   rF:        It protects you from fire.
   rN:        It protects you from negative energy.
 k - a +0 chain mail (worn)
 q - a +2 cloak
 t - a +0 plate armour
Jewellery
 c - a ring of positive energy
 d - a ring of poison resistance (right hand)
 f - a ring of protection from cold (left hand)
 n - the amulet of Maeniuq (around neck) {rElec Regen+}
   (You acquired it on level 5 of the Dungeon)

   [amulet of regeneration]

   rElec:     It insulates you from electricity.
   Regen:     It increases your rate of health regeneration.
 p - a ring of fire
 u - a ring of magical power
Scrolls
 i - a scroll of enchant armour
 l - a scroll of identify
Potions
 b - 2 potions of might
 e - 5 potions of curing
 m - 3 potions of mutation
 o - a potion of cancellation

Dungeon Overview and Level Annotations

Branches:
Dungeon (7/15)             Temple (1/1) D:5

Altars:
Ashenzari
Cheibriados
Dithmenos
Gozag
Hepliaklqana
Kikubaaqudgha
Makhleb
Nemelex Xobeh
Okawaru
Qazlal
Ru
Sif Muna
Trog
Uskayaw
Vehumet
Wu Jian
Xom
Yredelemnul
The Shining One

Shops:
D:5 !

Annotations:
D:5 2 transporters, qw's ghost, novice TeWr
D:7 Duvessa


Message History

You hit Duvessa but do no damage.
Dowan hits you with a +2 dagger of draining.
You feel drained. Duvessa hits you but does no damage.
You feel drained.
You hit Dowan. Your kick misses Dowan.
Dowan is almost dead.
You hit Duvessa but do no damage. You miss Dowan. You claw Dowan.
You kill Dowan!
Okawaru accepts your kill.
Duvessa weeps, and shakes her weapon.
Duvessa goes berserk!
You barely miss Duvessa. Duvessa hits you but does no damage.
You feel drained.
You hit Duvessa. Your kick misses Duvessa. You peck Duvessa, but do no damage.
Duvessa is lightly wounded.
Duvessa hits you with a +2 short sword of draining!
You feel drained.
You hit Duvessa. You peck Duvessa, but do no damage.
Duvessa is lightly wounded.
Duvessa hits you with a +2 short sword of draining!
You feel drained. Duvessa completely misses you.
You barely miss Duvessa. You claw Duvessa.
Duvessa is lightly wounded.
Duvessa closely misses you.
You barely miss Duvessa. Your kick misses Duvessa.
You peck Duvessa, but do no damage.
Duvessa is lightly wounded.
Duvessa hits you with a +2 short sword of draining.
You feel drained.
You slash Duvessa! You peck Duvessa, but do no damage.
Duvessa is moderately wounded.
Duvessa hits you but does no damage.
You feel drained.
You slash Duvessa! You claw Duvessa, but do no damage.
You peck Duvessa, but do no damage.
Duvessa is heavily wounded.
Duvessa hits you with a +2 short sword of draining.
You feel drained.
You hit Duvessa but do no damage. Your kick misses Duvessa.
Duvessa is heavily wounded.
Duvessa hits you with a +2 short sword of draining!
You die...

#y####.##.#
#..))### ...
#.##.# #....#
..... #....#
#....###
...... #..###
#......####
...... #....#
######.#...
......
##.#.#######
#.#... ......
#.#.......#
###.#...
#.#.......#
#.......
..#...@...#
#.......
###[..)e..#
#.......
#.........#
#.......
#.........#
#.......
...........#
#####...
###..[......#
#...
#######...#
#### #### # #


You could see Duvessa (berserk).

Vanquished Creatures
  Prince Ribbit (D:7)
  A water moccasin (D:7)
  A sky beast (D:7)
  An orc warrior (D:7)
  3 black bears
  An ice beast (D:5)
  2 ogres
  2 centaurs
  A bullfrog (D:6)
  Blork the orc (D:5)
  2 scorpions (D:6)
  A necrophage (D:6)
  Dowan (D:7)
  6 killer bees (D:7)
  A jelly (D:7)
  A hound (D:5)
  6 orc priests
  3 iguanas (D:5)
  2 orc wizards
  6 gnolls
  7 adders
  2 shadow imps (D:5)
  2 worms (D:2)
  2 dart slugs (D:1)
  20 orcs
  6 ball pythons
  7 endoplasms
  A giant cockroach (D:1)
  7 goblins
  12 hobgoblins
  13 jackals
  8 kobolds
  2 quokkas
  9 bats
  A frilled lizard (D:1)
  4 rats
146 creatures vanquished.

Notes
Turn   | Place    | Note
-------+----------+-------------------------------------------
     0 | D:1      | qw the Tengu Warper began the quest for the Orb.
     0 | D:1      | Reached XP level 1. HP: 12/12 MP: 4/4
     0 | D:1      | 0 ||| qw: Version: 0.1-a-89-g26bdef1
     0 | D:1      | 0 ||| qw: Game counter: 1420
     0 | D:1      | 0 ||| qw: Always use a shield: true
     0 | D:1      | 0 ||| qw: God list: Okawaru
     0 | D:1      | 0 ||| qw: Allow faded altars: false
     0 | D:1      | 0 ||| qw: Do Orc after D:15 true
     0 | D:1      | 0 ||| qw: Do second Lair branch before Depths: true
     0 | D:1      | 0 ||| qw: Lair rune preference: random
     0 | D:1      | 0 ||| qw: Plans: Normal
     0 | D:1      | 0 ||| PLANNING D:1-11
    51 | D:1      | 51 ||| Stepping ~*~*~tactically~*~*~ (stealth).
    72 | D:1      | Reached skill level 3 in Axes
    72 | D:1      | Reached XP level 2. HP: 12/17 MP: 6/6
   226 | D:1      | Found a faded altar of an unknown god.
   241 | D:1      | 241 ||| Stepping ~*~*~tactically~*~*~ (stealth).
   242 | D:1      | 242 ||| Stepping ~*~*~tactically~*~*~ (stealth).
   251 | D:1      | 251 ||| Stepping ~*~*~tactically~*~*~ (hiding).
   536 | D:1      | Reached XP level 3. HP: 21/21 MP: 7/7
   594 | D:1      | 594 ||| UPGRADING to +0 ring mail.
   599 | D:1      | 599 ||| UPGRADING to +0 leather armour.
   605 | D:1      | 605 ||| UPGRADING to +0 ring mail.
   615 | D:1      | 615 ||| DROPPING +0 leather armour.
   640 | D:1      | Reached skill level 4 in Axes
   966 | D:1      | 966 ||| UPGRADING to ring of positive energy.
   967 | D:1      | 967 ||| READING scroll labelled DOTYLO DUCZEPN.
   968 | D:1      | 968 ||| READING scroll labelled REPIQ YPONEDAPT.
   969 | D:1      | 969 ||| READING scroll labelled RAEZOZ LIMYASM.
   970 | D:1      | 970 ||| READING 3 scrolls labelled HEOBRA BIESTRUBEF.
   971 | D:1      | 971 ||| READING 2 scrolls of identify.
   971 | D:1      | 971 ||| IDENTIFYING metallic sapphire potion
   972 | D:1      | 972 ||| DROPPING scroll of blinking.
  1088 | D:2      | Reached XP level 4. HP: 26/26 MP: 8/8
  1194 | D:2      | 1194 ||| DRINKING 2 fizzy orange potions.
  1195 | D:2      | 1195 ||| DROPPING potion of attraction.
  1196 | D:2      | 1196 ||| Stepping randomly (stuck).
  1197 | D:2      | 1197 ||| Stepping randomly (stuck).
  1198 | D:2      | 1198 ||| Stepping randomly (stuck).
  1199 | D:2      | 1199 ||| Stepping randomly (stuck).
  1200 | D:2      | 1200 ||| Stepping randomly (stuck).
  1201 | D:2      | 1201 ||| Stepping randomly (stuck).
  1202 | D:2      | 1202 ||| Stepping randomly (stuck).
  1206 | D:2      | 1206 ||| Stepping randomly (stuck).
  1207 | D:2      | 1207 ||| Stepping randomly (stuck).
  1208 | D:2      | 1208 ||| Stepping randomly (stuck).
  1210 | D:2      | 1210 ||| Stepping randomly (stuck).
  1211 | D:2      | 1211 ||| Stepping randomly (stuck).
  1213 | D:2      | 1213 ||| Stepping randomly (stuck).
  1215 | D:2      | 1215 ||| Stepping randomly (stuck).
  1218 | D:2      | 1218 ||| Stepping randomly (stuck).
  1220 | D:2      | 1220 ||| Stepping randomly (stuck).
  1221 | D:2      | 1221 ||| Stepping randomly (stuck).
  1222 | D:2      | 1222 ||| Stepping randomly (stuck).
  1248 | D:2      | 1248 ||| Stepping randomly (stuck).
  1249 | D:2      | 1249 ||| Stepping randomly (stuck).
  1250 | D:2      | 1250 ||| Stepping randomly (stuck).
  1251 | D:2      | 1251 ||| Stepping randomly (stuck).
  1287 | D:2      | 1287 ||| Stepping randomly (stuck).
  1289 | D:2      | 1289 ||| Stepping randomly (stuck).
  1291 | D:2      | 1291 ||| Stepping randomly (stuck).
  1292 | D:2      | 1292 ||| Stepping randomly (stuck).
  1296 | D:2      | 1296 ||| Stepping randomly (stuck).
  1297 | D:2      | 1297 ||| Stepping randomly (stuck).
  1299 | D:2      | 1299 ||| Stepping randomly (stuck).
  1300 | D:2      | 1300 ||| Stepping randomly (stuck).
  1301 | D:2      | 1301 ||| Stepping randomly (stuck).
  1302 | D:2      | 1302 ||| Stepping randomly (stuck).
  1303 | D:2      | 1303 ||| Stepping randomly (stuck).
  1304 | D:2      | 1304 ||| Stepping randomly (stuck).
  1305 | D:2      | 1305 ||| Stepping randomly (stuck).
  1306 | D:2      | 1306 ||| Stepping randomly (stuck).
  1307 | D:2      | 1307 ||| Stepping randomly (stuck).
  1308 | D:2      | 1308 ||| Stepping randomly (stuck).
  1312 | D:2      | 1312 ||| Stepping randomly (stuck).
  1313 | D:2      | 1313 ||| Stepping randomly (stuck).
  1314 | D:2      | 1314 ||| Stepping randomly (stuck).
  1315 | D:2      | 1315 ||| Stepping randomly (stuck).
  1317 | D:2      | 1317 ||| Stepping randomly (stuck).
  1318 | D:2      | 1318 ||| Stepping randomly (stuck).
  1319 | D:2      | 1319 ||| Stepping randomly (stuck).
  1320 | D:2      | 1320 ||| Stepping randomly (stuck).
  1328 | D:2      | 1328 ||| Stepping randomly (stuck).
  1333 | D:2      | 1333 ||| Stepping randomly (stuck).
  1334 | D:2      | 1334 ||| Stepping randomly (stuck).
  1335 | D:2      | 1335 ||| Stepping randomly (stuck).
  1336 | D:2      | 1336 ||| Stepping randomly (stuck).
  1337 | D:2      | 1337 ||| Stepping randomly (stuck).
  1342 | D:2      | 1342 ||| Stepping randomly (stuck).
  1616 | D:2      | Identified the +1 leather armour of Twilight {rF+ rN+ Str+7
                  | Int-2}
  1669 | D:2      | 1669 ||| DROPPING +0 club.
  1892 | D:2      | 1892 ||| READING scroll of enchant weapon.
  1892 | D:2      | 1892 ||| ENCHANTING +1 hand axe.
  2104 | D:2      | 2104 ||| UPGRADING to +1 leather armour of Twilight {rF+
                  | rN+ Str+7 Int-2}.
  2114 | D:2      | 2114 ||| DROPPING +0 ring mail.
  2115 | D:2      | 2115 ||| UPGRADING to ring of poison resistance.
  2116 | D:2      | 2116 ||| READING scroll labelled JOSURGHYOJA.
  2117 | D:2      | 2117 ||| READING scroll labelled WEECAD UTHRU.
  2122 | D:2      | 2122 ||| READING scroll labelled NAXUJU BOID.
  2123 | D:2      | 2123 ||| DRINKING 2 inky potions.
  2124 | D:2      | 2124 ||| READING 3 scrolls of identify.
  2124 | D:2      | 2124 ||| IDENTIFYING blue potion
  2125 | D:2      | 2125 ||| READING 2 scrolls of identify.
  2125 | D:2      | 2125 ||| IDENTIFYING bubbling brown potion
  2126 | D:2      | 2126 ||| DROPPING potion of flight.
  2127 | D:2      | 2127 ||| DROPPING potion of degeneration.
  2191 | D:3      | Noticed a black bear
  2200 | D:3      | HP: 6/26 [black bear (7)]
  2201 | D:3      | Killed a black bear
  2202 | D:3      | Reached skill level 6 in Axes
  2202 | D:3      | Gained mutation: Your magical nature lets you fly swiftly
                  | and evasively. [Tengu growth]
  2202 | D:3      | Reached XP level 5. HP: 5/30 MP: 9/9
  2202 | D:3      | 2202 ||| STAIRDANCE
  2517 | D:3      | 2517 ||| READING scroll of enchant weapon.
  2517 | D:3      | 2517 ||| ENCHANTING +2 hand axe.
  2769 | D:3      | 2769 ||| Stepping ~*~*~tactically~*~*~ (stealth).
  2770 | D:3      | 2770 ||| Stepping ~*~*~tactically~*~*~ (stealth).
  3137 | D:3      | 3137 ||| UPGRADING to ring of protection from cold.
  3139 | D:3      | 3139 ||| READING scroll labelled DEOFAO RYXKI.
  3325 | D:4      | 3325 ||| Stepping ~*~*~tactically~*~*~ (stealth).
  3515 | D:4      | Noticed an ogre
  3521 | D:4      | Killed an ogre
  3522 | D:4      | Reached skill level 7 in Axes
  3522 | D:4      | Reached XP level 6. HP: 20/35 MP: 10/10
  3588 | D:4      | 3588 ||| FLEEEEING.
  3589 | D:4      | 3589 ||| Stepping ~*~*~tactically~*~*~ (stealth).
  3591 | D:4      | 3591 ||| Stepping ~*~*~tactically~*~*~ (stealth).
  3593 | D:4      | 3593 ||| Stepping ~*~*~tactically~*~*~ (hiding).
  3610 | D:4      | Reached skill level 3 in Fighting
  3791 | D:4      | 3791 ||| UPGRADING to +0 chain mail.
  3819 | D:5      | Entered Level 5 of the Dungeon
  3911 | D:5      | Reached XP level 7. HP: 14/41 MP: 11/11
  4122 | D:5      | Found a staircase to the Ecumenical Temple.
  4123 | D:5      | 4123 ||| PLANNING TEMPLE
  4123 | D:5      | 4123 ||| READING 2 scrolls of identify.
  4123 | D:5      | 4123 ||| IDENTIFYING bubbling pink potion
  4132 | Temple   | Entered the Ecumenical Temple
  4174 | Temple   | Became a worshipper of Warmaster Okawaru
  4205 | Temple   | 4205 ||| PLANNING D:1-11
  4266 | D:5      | Found a transporter.
  4270 | D:5      | Found a transporter.
  4303 | D:5      | 4303 ||| Stepping ~*~*~tactically~*~*~ (hiding).
  4304 | D:5      | 4304 ||| Stepping ~*~*~tactically~*~*~ (hiding).
  4354 | D:5      | 4354 ||| READING scroll of enchant weapon.
  4354 | D:5      | 4354 ||| ENCHANTING +3 hand axe.
  4425 | D:5      | Identified the +1 scale mail "Myt Qofinua" {rN+ Int+3
                  | Stlth-}
  4455 | D:5      | 4455 ||| Stepping ~*~*~tactically~*~*~ (stealth).
  4459 | D:5      | 4459 ||| Stepping ~*~*~tactically~*~*~ (hiding).
  4592 | D:5      | 4592 ||| Stepping ~*~*~tactically~*~*~ (hiding).
  4595 | D:5      | 4595 ||| Stepping ~*~*~tactically~*~*~ (hiding).
  4597 | D:5      | 4597 ||| Stepping ~*~*~tactically~*~*~ (hiding).
  4598 | D:5      | 4598 ||| Stepping ~*~*~tactically~*~*~ (hiding).
  4607 | D:5      | 4607 ||| Stepping ~*~*~tactically~*~*~ (stealth).
  4614 | D:5      | HP: 9/41 [gnoll/+0 spear (5)]
  4615 | D:5      | 4615 ||| READING 2 scrolls of teleportation.
  4616 | D:5      | 4616 ||| DRINKING potion of heal wounds.
  4693 | D:5      | Found Esauneikk's Distillery.
  4705 | D:5      | Reached skill level 8 in Axes
  4744 | D:5      | 4744 ||| BUYING potion of curing (36 gold).
  4744 | D:5      | Bought a potion of curing for 36 gold pieces
  4744 | D:5      | 4744 ||| BUYING potion of mutation (96 gold).
  4744 | D:5      | Bought a potion of mutation for 96 gold pieces
  4837 | D:5      | Noticed Blork the orc
  4838 | D:5      | 4838 ||| Stepping ~*~*~tactically~*~*~ (hiding).
  4840 | D:5      | 4840 ||| Stepping ~*~*~tactically~*~*~ (hiding).
  4850 | D:5      | Killed Blork the orc
  4974 | D:5      | Found a burning altar of Makhleb.
  5060 | D:5      | Reached * piety under Okawaru
  5061 | D:5      | Reached skill level 9 in Axes
  5061 | D:5      | Reached XP level 8. HP: 44/46 MP: 12/12
  5116 | D:5      | Noticed qw's ghost (novice TeWr)
  5296 | D:5      | 5296 ||| DROPPING +1 scale mail "Myt Qofinua" {rN+ Int+3
                  | Stlth-}.
  5297 | D:5      | 5297 ||| READING scroll labelled NIBBIG HIBEAXT.
  5298 | D:5      | 5298 ||| READING scroll labelled OHADEIDDEGAT.
  5298 | D:5      | Identified a scroll of acquirement
  5298 | D:5      | 5298 ||| ACQUIRING amulet of Maeniuq {rElec Regen+}
  5298 | D:5      | Acquired the amulet of Maeniuq {rElec Regen+}
  5300 | D:5      | 5300 ||| UPGRADING to amulet of Maeniuq {rElec Regen+}.
  5447 | D:6      | Reached skill level 3 in Armour
  5447 | D:6      | Reached skill level 1 in Invocations
  5459 | D:6      | 5459 ||| Stepping ~*~*~tactically~*~*~ (hiding).
  5466 | D:6      | 5466 ||| Stepping ~*~*~tactically~*~*~ (stealth).
  5467 | D:6      | 5467 ||| INVOKING Heroism.
  5521 | D:6      | 5521 ||| INVOKING Heroism.
  6016 | D:6      | 6016 ||| DROPPING orb of mayhem.
  6017 | D:6      | 6017 ||| READING 2 scrolls of identify.
  6017 | D:6      | 6017 ||| IDENTIFYING dark potion
  6054 | D:7      | Noticed Prince Ribbit
  6055 | D:7      | 6055 ||| INVOKING Heroism.
  6064 | D:7      | Killed Prince Ribbit
  6065 | D:7      | Reached skill level 3 in Invocations
  6082 | D:7      | 6082 ||| Stepping ~*~*~tactically~*~*~ (hiding).
  6090 | D:7      | 6090 ||| Stepping ~*~*~tactically~*~*~ (stealth).
  6091 | D:7      | 6091 ||| INVOKING Heroism.
  6247 | D:7      | 6247 ||| INVOKING Heroism.
  6261 | D:7      | Reached skill level 10 in Axes
  6274 | D:7      | Reached XP level 9. HP: 23/52 MP: 13/13
  6326 | D:7      | 6326 ||| SWAPPING to +0 war axe.
  6327 | D:7      | 6327 ||| INVOKING Heroism.
  6347 | D:7      | Reached skill level 3 in Dodging
  6360 | D:7      | 6360 ||| INVOKING Heroism.
  6379 | D:7      | 6379 ||| DROPPING +4 hand axe.
  6417 | D:7      | 6417 ||| INVOKING Heroism.
  6425 | D:7      | 6425 ||| Stepping ~*~*~tactically~*~*~ (stealth).
  6450 | D:7      | 6450 ||| INVOKING Heroism.
  6454 | D:7      | HP: 6/54 [killer bee (8)]
  6455 | D:7      | 6455 ||| READING scroll of teleportation.
  6455 | D:7      | HP: 2/54 [killer bee (3)]
  6456 | D:7      | 6456 ||| DRINKING 2 potions of heal wounds.
  6457 | D:7      | 6457 ||| DRINKING potion of heal wounds.
  6516 | D:7      | Noticed Duvessa
  6516 | D:7      | Noticed Dowan
  6517 | D:7      | 6517 ||| INVOKING Heroism.
  6525 | D:7      | Killed Dowan
  6527 | D:7      | HP: 9/48 [Duvessa/+2 short sword of draining (14)]
  6532 | D:7      | Slain by Duvessa

Levels and vault maps discovered:
D:1:      shiori_arrival_maze, layout_basic, basic_ecumenical_altar,
          minmay_misc_feat_x, minmay_heptomino_w4
D:2:      minmay_wonky_spiral, layout_basic, minmay_puff
D:3:      layout_loops_ring
D:4:      layout_gridville, minmay_misc_feat_columns, dreamdust_wishing_well
D:5:      layout_gridville, bloody_makhleb, minmay_temple_entry_butterflies,
          gammafunk_ghost_hive, serial_shops, nicolae_shop_waterfront,
          uniq_blork_the_orc
D:6:      layout_gridville
D:7:      layout_basic, small_statue_intersection, uniq_prince_ribbit1,
          uniq_pikel, uniq_duvessa
Temple:   compressed_dpeg_circular_temple

Skill      XL: |  1  2  3  4  5  6  7  8  9 |
---------------+----------------------------+-----
Axes           | 3 4 6 7 9 10 | 10.8
Fighting       | 3 4 5 |  5.0
Armour         | 2 3 |  3.0
Invocations    | 4 |  4.1
Dodging        | 3 |  3.6
Throwing       | |  1.0
Spellcasting   | |  2.0
Translocations | |  2.4

Action                   |  1- 3 |  4- 6 |  7- 9 || total
-------------------------+-------+-------+-------++-------
Melee: Hand axe          |    61 |    97 |   143 ||   301
       Kick              |    20 |    22 |    62 ||   104
       Peck              |    11 |    12 |    47 ||    70
       Punch             |       |     2 |     5 ||     7
       War axe           |       |       |    71 ||    71
Throw: Boomerang         |    29 |    73 |    42 ||   144
Invok: Heroism           |       |       |    10 ||    10
  Use: Scroll            |     5 |     8 |     7 ||    20
       Potion            |       |     2 |     3 ||     5
Armor: Leather armour    |    20 |    12 |       ||    32
       Ring mail         |    12 |     5 |       ||    17
       Chain mail        |       |     3 |    89 ||    92
Dodge: Dodged            |    59 |    57 |    88 ||   204

Table legend:
 A = Non-vault XP
 B = Vault XP
 C = Vault XP percentage of total XP
 D = Non-vault monster count
 E = Vault monster count
 F = Vault count percentage of total count
                 A         B        C        D         E       F
            +---------+---------+-------+---------+---------+-------
      Total |    2921 |     481 |  14.1 |     127 |      19 |  13.0
            +---------+---------+-------+---------+---------+-------
        D:1 |      48 |      13 |  21.3 |      25 |       7 |  21.9
        D:2 |      18 |      34 |  65.4 |      10 |       9 |  47.4
        D:3 |     153 |       0 |   0.0 |      15 |       0 |   0.0
        D:4 |     288 |       0 |   0.0 |      20 |       0 |   0.0
        D:5 |     634 |      82 |  11.5 |      19 |       1 |   5.0
        D:6 |     551 |       0 |   0.0 |      14 |       0 |   0.0
        D:7 |    1229 |     352 |  22.3 |      24 |       2 |   7.7
            +---------+---------+-------+---------+---------+-------
